Map: Eternal Empire LE

Players

rokoloc

  • Race: Protoss Protoss
  • League: Silver
  • Spawn Location: 1:00

antagomiR - Winner!

  • Race: Protoss Protoss
  • League: Gold
  • Spawn Location: 7:00

VOD

Have the link to the VOD?

Description

Time

  • Played on: April 5, 2020, 12:28 p.m.
  • Length: 12:24
Show
View Real Time Build Order
Export as new Build Order

rokoloc Protoss 

Build Orders:  

Get SALT Encoding   

  12  0:05  Probe (Chrono Boost)  
  13  0:24  Pylon  
  13  0:29  Probe  
  14  0:44  Gateway  
  14  0:48  Assimilator x2  
  14  0:50  Probe  
  15  1:02  Probe (Chrono Boost)  
  16  1:15  Probe (Chrono Boost)  
  16  1:18  Gateway  
  17  1:22  Probe (Chrono Boost)  
  18  1:43  Probe  
  19  1:52  Pylon  
  19  1:55  Probe  
  19  1:59  Forge  
  20  2:07  Probe  
  21  2:21  Zealot x2  
  25  2:27  Probe (Chrono Boost), Cybernetics Core  
  26  2:36  Probe (Chrono Boost)  
  26  2:37  Photon Cannon  
  27  2:41  Probe (Chrono Boost)  
  28  2:53  Probe, Zealot  
  31  2:58  Pylon  
  31  3:16  Zealot  
  33  3:21  Twilight Council  
  33  3:28  Gateway  
  33  3:31  Pylon  
  33  3:51  Stalker x2  
  33  3:55  Charge (Chrono Boost)  
  37  4:17  Stalker  
  37  4:18  Robotics Facility  
  39  4:33  Probe (Chrono Boost)  
  40  4:42  Probe (Chrono Boost), Zealot x2  
  45  4:47  Probe (Chrono Boost)  
  45  4:50  Warp Gate  
  46  4:57  Gateway  
  46  4:59  Probe, Gateway  
  47  5:13  Pylon  
  47  5:21  Protoss Ground Weapons Level 1  
  47  5:28  Blink  
  47  5:31  Probe, Zealot x2, Observer (Chrono Boost)  
  47  5:32  Stalker  
  55  5:50  Pylon  
  55  5:57  Forge  
  55  6:08  Zealot x2, Stalker  
  61  6:22  Probe (Chrono Boost)  
  62  6:31  Probe (Chrono Boost)  
  63  6:39  Pylon  
  63  6:57  Zealot, Stalker  
  67  7:04  Zealot  
  67  7:05  Zealot  
  71  7:26  Pylon  
  71  7:27  Pylon  
  71  7:45  Zealot x2  
  71  7:46  Zealot x2  
  71  7:47  Stalker  
  81  8:00  Nexus  
  81  8:11  Zealot, Stalker  
  81  8:12  Zealot  
  87  8:15  Protoss Ground Armor Level 1  
  86  8:47  Pylon x2  
  86  8:51  Probe (Chrono Boost)  
  87  9:01  Dark Shrine  
  87  9:02  Templar Archives  
  87  9:03  Probe (Chrono Boost)  
  87  9:06  Pylon  
  88  9:36  Probe  
  88  9:38  Probe  
  90  9:40  Assimilator  
  90  9:41  Assimilator, Psionic Storm  
  90  9:45  Zealot  
  92  9:46  Zealot  
  92  9:47  Stalker  
  92  9:48  Probe, High Templar  
  92  9:49  High Templar  
  92  9:50  Probe  
  102  10:29  High Templar  
  102  10:30  High Templar x3  
  102  10:31  High Templar  
  112  11:31  Zealot x3  
  112  11:32  Zealot x2  
  76  11:54  Archon x3  
Show
View Real Time Build Order
Export as new Build Order

antagomiR Protoss - Winner!

Build Orders: Archon Immortal 

Get SALT Encoding   

  12  0:01  Probe  
  13  0:13  Probe  
  14  0:18  Pylon  
  14  0:25  Probe  
  15  0:38  Gateway  
  15  0:40  Probe  
  16  0:52  Probe  
  17  0:57  Assimilator  
  17  1:04  Probe  
  18  1:08  Assimilator  
  18  1:16  Probe  
  19  1:28  Probe  
  19  1:30  Cybernetics Core  
  20  1:40  Probe  
  21  1:52  Probe  
  22  1:55  Pylon  
  22  2:00  Warp Gate (Chrono Boost)  
  22  2:04  Probe  
  23  2:18  Robotics Facility  
  23  2:20  Probe  
  24  2:26  Adept  
  26  2:32  Probe  
  27  2:44  Probe  
  28  2:45  Nexus  
  28  2:46  Pylon  
  28  2:56  Probe  
  29  3:08  Probe, Shield Battery  
  29  3:11  Adept  
  32  3:18  Observer  
  33  3:20  Probe  
  34  3:31  Gateway  
  34  3:32  Probe  
  35  3:34  Gateway  
  35  3:40  Observer  
  36  3:42  Pylon  
  36  3:55  Sentry  
  38  3:58  Probe x2  
  40  4:10  Probe x2, Immortal  
  46  4:22  Probe x2  
  48  4:33  Shield Battery  
  48  4:38  Probe x2  
  50  4:40  Sentry  
  50  4:42  Sentry  
  50  4:43  Stalker  
  56  4:50  Probe  
  57  5:00  Probe  
  57  5:02  Probe  
  57  5:03  Pylon  
  57  5:06  Pylon  
  59  5:11  Sentry  
  59  5:12  Probe  
  62  5:17  Twilight Council  
  62  5:21  Probe, Immortal  
  62  5:24  Probe  
  68  5:31  Observer  
  68  5:32  Pylon  
  68  5:33  Probe  
  68  5:35  Pylon  
  69  5:36  Probe  
  69  5:37  Assimilator  
  69  5:41  Assimilator, Zealot  
  69  5:42  Phoenix  
  72  5:45  Probe  
  72  5:48  Probe  
  74  5:52  Charge (Chrono Boost)  
  74  5:57  Probe  
  74  5:59  Forge  
  74  6:00  Probe  
  74  6:01  Immortal  
  80  6:10  Probe  
  81  6:12  Probe  
  82  6:20  Pylon  
  82  6:22  Probe  
  82  6:24  Probe, Pylon  
  84  6:34  Probe  
  84  6:37  Probe  
  86  6:46  Probe, Immortal  
  91  6:49  Probe  
  92  6:55  Photon Cannon  
  92  6:56  Photon Cannon  
  92  6:58  Probe  
  92  7:01  Probe  
  94  7:02  Gateway  
  94  7:04  Gateway  
  94  7:06  Gateway  
  94  7:08  Gateway  
  94  7:10  Sentry  
  94  7:11  Zealot x2  
  99  7:25  Immortal  
  103  7:43  Probe x2, Protoss Ground Weapons Level 1 (Chrono Boost)  
  105  7:52  Pylon  
  105  7:55  Probe x2, Pylon  
  105  7:57  Templar Archives  
  107  7:58  Pylon  
  107  8:00  Pylon  
  107  8:02  Pylon  
  107  8:05  Observer  
  108  8:10  Zealot x2  
  108  8:11  Zealot x3  
  118  8:14  Zealot  
  118  8:15  Zealot  
  122  8:26  Probe, Immortal  
  122  8:27  Probe  
  128  8:38  Probe  
  128  8:39  Probe  
  130  8:51  Probe x2  
  132  8:56  Nexus  
  132  8:57  High Templar x3  
  132  8:58  High Templar x4  
  146  9:03  Probe x2  
  146  9:04  Archon x2  
  146  9:05  Archon  
  148  9:10  Pylon  
  148  9:13  Pylon  
  148  9:15  Probe  
  149  9:28  Immortal  
  153  9:53  Adept  
  153  9:54  Adept  
  153  9:55  Zealot  
  153  9:56  Zealot x3  
  165  10:03  Pylon  
  165  10:07  Pylon  
  165  10:08  Immortal  
  165  10:09  Shield Battery  
  165  10:10  Pylon, Shield Battery  
  165  10:12  Pylon, Photon Cannon  
  169  10:14  Pylon  
  169  10:15  Photon Cannon  
  169  10:18  Photon Cannon  
  169  10:22  Assimilator  
  169  10:24  High Templar  
  169  10:25  High Templar x4  
  179  10:31  Archon x2  
  179  10:33  Archon  
  179  10:44  Probe x2  
  181  11:00  Assimilator  
  181  11:02  Probe x2  
  183  11:07  Immortal  
  183  11:10  High Templar  
  183  11:11  High Templar  
  191  11:14  Probe  
  191  11:16  Archon  
  176  11:49  Zealot x3  
  176  11:50  Zealot x3  
Tags
 
Composition
Archon Immortal
Matchup
PvP
Replay Pack
20200422
Spawn Locations
Cross Positions
Add a new tag
Caveats
  • Supply blocks, unpowered buildings, or Contaminate may cause inaccurate times.
  • Supply counts are checked every 10 seconds.